 Dungeon Crawl Stone Soup version 0.29-a0-384-g6960b1960d (webtiles) character file.

Game seed: 16346174349473916008

103 Pelinal the Chiller (level 4, -2/30 HPs)
             Began as a Merfolk Ice Elementalist on May 7, 2022.
             Splashed by a jelly's acid (8 damage)
             ... on level 3 of the Dungeon.
             The game lasted 00:04:41 (2035 turns).

Pelinal the Chiller (Merfolk Ice Elementalist)      Turns: 2035, Time: 00:04:42

Health: -2/30      AC: -1    Str:  8    XL:     4   Next: 79%
Magic:  3/7        EV: 13    Int: 14    God:
Gold:   144        SH:  0    Dex: 16    Spells: 0/7 levels left

rFire   + . .      SeeInvis .   k - +0 dagger
rCold   + . .      Faith    .   (no shield)
rNeg    . . .      Spirit   .   a - +0 robe
rPois   .          Reflect  .   c - +0 helmet
rElec   .          Harm     .   p - scarf {rC+ rF+}
rCorr   .          Rampage  .   (no gloves)
Will    .....                   (no boots)
Stlth   ++........              (no amulet)
HPRegen 0.10/turn               (no ring)
MPRegen 0.10/turn               (no ring)

@: corroded
A: (nimble swimmer 2), mertail
a: no special abilities


You were on level 3 of the Dungeon.
You visited 1 branch of the dungeon, and saw 3 of its levels.

You collected 144 gold pieces.

Inventory:

Hand Weapons
 d - a +0 mace
 k - a +0 dagger (weapon)
 l - a +0 trident
Missiles
 i - 47 stones
Armour
 a - a +0 robe (worn)
 c - a +0 helmet (worn)
 p - a scarf of resistance (worn)
Jewellery
 t - an amulet of guardian spirit
Wands
 s - a wand of acid (11)
Scrolls
 j - 2 scrolls of identify {unknown}
 o - a scroll of fear {unknown}
 q - a scroll of vulnerability {unknown}
Potions
 b - a potion of magic
 e - 3 potions of curing {unknown}
 f - a potion of resistance {unknown}
 g - a potion of mutation {unknown}
 h - a potion of heal wounds {unknown}
 m - a potion of lignification {unknown}
 n - a potion of berserk rage {unknown}
 r - 2 potions of might {unknown}


   Skills:
 + Level 3.2 Dodging
 + Level 2.9 Stealth
 - Level 2.2 Spellcasting
 - Level 6.0 Ice Magic


You couldn't memorise any spells.
You knew the following spells:

 Your Spells              Type           Power      Damage    Failure   Level
a - Freeze                Ice            72%        1d9       1%          1
b - Frozen Ramparts       Ice            36%        1d5       6%          3
c - Ozocubu's Armour      Ice            18%        N/A       6%          3

Your spell library contained the following spells:

 Spells                   Type           Power      Damage    Failure   Level
 Ensorcelled Hibernation  Hex/Ice        18%        N/A       11%         2
 Sandblast                Erth           2%         2d4       24%         1
 Passwall                 Tmut/Erth      0%         N/A       34%         2
 Static Discharge         Conj/Air       1%         N/A       34%         2
 Dazzling Flash           Conj/Hex       2%         N/A       56%         3
 Stone Arrow              Conj/Erth      2%         3d7       56%         3
 Swiftness                Air            1%         N/A       56%         3
 Hailstorm                Conj/Ice       9%         3d4       56%         4
 Dispel Undead            Necr           1%         3d6       93%         4
 Iskenderun's Mystic Bla  Conj/Tloc      1%         2d3       93%         4
 Sticky Flame             Conj/Fire      1%         2d3       93%         4
 Starburst                Conj/Fire      0%         6d3       100%        6


Dungeon Overview and Level Annotations

Branches:
Dungeon (3/15)

Altars:
Makhleb
Okawaru


Innate Abilities, Weirdness & Mutations

((You are very nimble when in or above water. (Stealth+, EV+, Speed+++)))
Your lower body shifts to a powerful aquatic tail in water.


Message History

Aim: an endoplasm You freeze the endoplasm.
The endoplasm is lightly wounded.
The endoplasm freezes you.
You are frozen.
You resist.
Casting: Freeze (safe; 1% risk of failure)
Confirm with . or Enter, or press ? or * to list all spells.
Aiming: Freeze (safe; 1% risk of failure)
Press: ? - help, Shift-Dir - straight line, f/p - endoplasm
Aim: an endoplasm (lightly wounded)
You freeze the endoplasm.
You kill the endoplasm!
Unknown command.
You see here a hobgoblin corpse.
The jelly closely misses you.
You hit the jelly. The acid corrodes you!
Your hands burn!
The jelly is moderately wounded.
The jelly hits you.
You are splashed with acid!
Unknown command.
Casting: Freeze (safe; 1% risk of failure)
Confirm with . or Enter, or press ? or * to list all spells.
Aiming: Freeze (safe; 1% risk of failure)
Press: ? - help, Shift-Dir - straight line, f - jelly
Aim: a jelly (moderately wounded)
You freeze the jelly.
The jelly is severely wounded.
The jelly hits you.
You are splashed with acid!
* * * LOW HITPOINT WARNING * * *
Unknown command.
Casting: Freeze (safe; 1% risk of failure)
Confirm with . or Enter, or press ? or * to list all spells.
Aiming: Freeze (safe; 1% risk of failure)
Press: ? - help, Shift-Dir - straight line, f/p - jelly
Aim: a jelly (severely wounded)
You freeze the jelly.
The jelly is almost dead.
The jelly hits you.
* * * LOW HITPOINT WARNING * * *
You are splashed with acid!
You die...

###.#######
#.....J@†.#
..#....##.#
########## ####.
#.# #.........
#. #.#
#..§§§...§ #.
#.#####..§≈≈≈≈.§
#.
#........§§...§.
#.
##.#####.§.≈≈≈≈≈
#. #.# #.≈.....≈
#.# #§§.≈._.≈


You could see a jelly.

Vanquished Creatures
  5 adders
  A worm (D:2)
  2 dart slugs
  4 ball pythons
  5 bats
  5 endoplasms
  3 giant cockroaches
  3 goblins
  7 hobgoblins
  4 jackals (D:1)
  2 quokkas
  A frilled lizard (D:1)
  3 kobolds
  3 rats
48 creatures vanquished.

Vanquished Creatures (others)
  6 plants (D:3)
6 creatures vanquished.

Grand Total: 54 creatures vanquished

Notes
Turn   | Place    | Note
-------+----------+-------------------------------------------
     0 | D:1      | Pelinal the Merfolk Ice Elementalist began the quest for
                  | the Orb.
     0 | D:1      | Reached XP level 1. HP: 13/13 MP: 3/3
   150 | D:1      | Reached XP level 2. HP: 19/19 MP: 1/5
   813 | D:1      | Reached XP level 3. HP: 24/24 MP: 4/6
  1009 | D:2      | Reached skill level 5 in Ice Magic
  1172 | D:2      | Reached XP level 4. HP: 23/30 MP: 4/7
  1191 | D:2      | Learned a level 3 spell: Frozen Ramparts
  1195 | D:2      | Learned a level 3 spell: Ozocubu's Armour
  1514 | D:2      | Found a burning altar of Makhleb.
  1940 | D:3      | Found an iron altar of Okawaru.
  1961 | D:3      | Reached skill level 6 in Ice Magic
  2035 | D:3      | Splashed by a jelly's acid

Illustrated notes

Levels and vault maps discovered:
D:1:      mushboom_english_gardens, layout_rooms, serial_forest,
          infiniplex_forest_clump_tiny, infiniplex_forest_lined_2,
          infiniplex_forest_lined_1, infiniplex_forest_end_3,
          infiniplex_forest_clump_curved, infiniplex_forest_lined_corner,
          infiniplex_forest_join
D:2:      layout_loops_cross, basic_altar, st_stairs_3
D:3:      layout_loops_ring, mainiacjoe_overflow_boulevard,
          mainiacjoe_overflow_concentric_impassable,
          nicolae_elyvilon_peaceful_grove, mainiacjoe_overflow_catwalk,
          serial_bayou_pond_a, dreamdust_princess_bridge,
          mrwooster_statue_mirror, dilly_guarded_unrand_morg

Skill      XL: |  1  2  3  4 |
---------------+-------------+-----
Dodging        | 3 |  3.2
Ice Magic      | 5 6 |  6.0
Stealth        | |  2.9
Spellcasting   | |  2.2

Action                   |  1- 3 |  4- 6 || total
-------------------------+-------+-------++-------
Melee: Mace              |    35 |       ||    35
       Dagger            |    11 |    13 ||    24
       Punch             |     1 |       ||     1
Throw: Stone             |       |     1 ||     1
 Cast: Freeze            |    39 |    18 ||    57
 Stab: Sleeping          |     5 |     7 ||    12
Armor: Robe              |    11 |     6 ||    17
Dodge: Dodged            |    40 |    17 ||    57

Table legend: (Time is in decaauts)
 A = Elapsed time spent in this place.
 B = Non-inter-level travel time spent in this place.
 C = Inter-level travel time spent in this place.
 D = Time resting spent in this place.
 E = Time spent auto-exploring this place.
 F = Levels seen in this place.
 G = Mean time per level.
                   A        B        C        D        E       F      G
               +--------+--------+--------+--------+--------+-----+--------+
         Total |   2047 |   1984 |     63 |    221 |   1238 |   3 |  682.3 |
       Dungeon |   2047 |   1984 |     63 |    221 |   1238 |   3 |  682.3 |
               +--------+--------+--------+--------+--------+-----+--------+

Top non-repeatable levels by time:
     D:1: 1018 daAuts
     D:2: 905 daAuts
     D:3: 123 daAuts
